 Dungeon Crawl Stone Soup version 0.23.0 (webtiles) character file.

Game seed: 8608462745238477259

1941 Frank the Slasher (level 9, 0/59 HPs)
             Began as an Octopode Fighter on Feb 15, 2019.
             Was a Priest of Makhleb.
             Shot with a sling bullet by Joseph (17 damage)
             ... on level 7 of the Dungeon.
             The game lasted 00:11:23 (4558 turns).

Frank the Slasher (Octopode Fighter)                Turns: 4558, Time: 00:11:24

Health: 0/59       AC:  1    Str: 18    XL:     9   Next: 18%
Magic:  21/21      EV: 13    Int: 10    God:    Makhleb [***...]
Gold:   230        SH: 10    Dex: 16    Spells: 8/8 levels left

rFire    + . .     SeeInvis .   h - +1 scimitar
rCold    + . .     Gourm    .   b - +0 shield
rNeg     . . .     Faith    .   (helmet restricted)
rPois    .         Spirit   .   f - amulet of regeneration
rElec    .         Reflect  .   e - ring of protection from fire
rCorr    .         Harm     .   p - ring of magical power
MR       .....     Clarity  +   (no ring)
Stlth    ++++......             (no ring)
HPRegen  0.59/turn              (no ring)
MPRegen  0.17/turn              (no ring)
                                (no ring)
                                (no ring)

@: invisible
A: almost no armour, stealthy swim, amphibious, 8 rings, constrict 8, camouflage
1, agile 1, clarity, cold resistance 1, strong 1, gelatinous body 1
a: Minor Destruction, Lesser Servant of Makhleb, Renounce Religion


You were on level 7 of the Dungeon.
You worshipped Makhleb.
Makhleb was most pleased with you.
You were not hungry.

You visited 1 branch of the dungeon, and saw 7 of its levels.
You also visited: Ossuary.

You collected 325 gold pieces.
You spent 95 gold pieces at shops.

Inventory:

Hand Weapons
 h - a +1 scimitar (weapon)
Armour
 b - a +0 shield (worn)
Jewellery
 e - a ring of protection from fire (left tentacle)
 f - an amulet of regeneration (around mantle)
 p - a ring of magical power (right tentacle)
Wands
 a - a wand of disintegration (7)
 u - a wand of paralysis (9)
 x - a wand of scattershot (4)
Scrolls
 j - 5 scrolls of identify
 n - 5 scrolls of remove curse
 r - a scroll of amnesia
 s - 3 scrolls of teleportation
 t - a scroll of immolation
 w - a scroll of enchant weapon
 y - a scroll of brand weapon {unknown}
Potions
 c - a potion of might
 g - 8 potions of curing
 i - 3 potions of haste
 k - 3 potions of mutation
 l - 4 potions of lignification
 o - 2 potions of cancellation {unknown}
 q - 2 potions of flight
 v - a potion of brilliance
 z - 2 potions of magic {unknown}
Comestibles
 d - 15 rations


   Skills:
 + Level 4.6 Fighting
 + Level 6.9 Long Blades
 + Level 4.2 Dodging
 + Level 6.2 Stealth
 + Level 4.8 Shields
 * Level 4.3 Invocations
 * Level 4.2 Evocations


You had 8 spell levels left.
You didn't know any spells.
Your spell library contained the following spells:

 Spells                   Type           Power        Failure   Level  Hunger
 Summon Small Mammal      Summ           #...         80%         1    ##.....
 Call Imp                 Summ           #.......     91%         2    ###....
 Call Canine Familiar     Summ           #.......     99%         3    ####...
 Summon Guardian Golem    Hex/Summ       #.......     99%         3    ####...
 Summon Ice Beast         Ice/Summ       #.......     100%        4    #####..
 Summon Lightning Spire   Summ/Air       #.......     100%        4    #####..


Dungeon Overview and Level Annotations

Branches:
Dungeon (7/15)
 Temple: D:4-7

Altars:
Ashenzari
Cheibriados
Gozag
Hepliaklqana
Makhleb
Okawaru
Xom

Shops:
D:5 *

Annotations:
D:7 3 runed translucent doors, Joseph; farkougg's ghost, novice TrHu


Innate Abilities, Weirdness & Mutations

You cannot wear most types of armour.
You are very stealthy in the water. (Stealth+)
You are amphibious.
You can wear up to eight rings at the same time.
You can use your tentacles to constrict eight enemies at once.
Your skin changes colour to match your surroundings (Stealth+).
Your rubbery body absorbs attacks. (AC +1, EV +1)
You are agile. (Dex +2)
You possess an exceptional clarity of mind.
Your flesh is cold resistant. (rC+)
Your muscles are strong. (Str +2)


Message History

Found a scroll of remove curse.
An orc comes into view. It is wielding a +0 dagger.
Joseph shouts!
Joseph unwields a +0 quarterstaff.
Joseph wields a +0 hunting sling of freezing.
It is covered in frost.
Joseph shoots a sling bullet.
You block the sling bullet.
Joseph shoots a sling bullet.
The sling bullet hits you!
You see here a sling bullet.
Joseph shoots a sling bullet.
The sling bullet closely misses you. You block the wyvern skeleton's attack.
The wyvern skeleton bites you!
Joseph shoots a sling bullet.
The sling bullet hits you! The sling bullet freezes you.
* * * LOW HITPOINT WARNING * * *
You see here a sling bullet.
Unknown command.
You fade into invisibility!
The wyvern skeleton closely misses you.
Joseph shoots a sling bullet.
The sling bullet hits you!
You die...

#.# #.# #.#
######.########+#
...............#
#@..........#######
#Z..>..............
#.@....##........#.
#...(..##........#.
#......##........#.
#......####.######.
#...(.......# ##
####.#.###### #.#?#
#.#.# #.#o#


You could see Joseph and a wyvern skeleton.

Vanquished Creatures
  An ice beast (D:6)
  2 phantoms
  2 centaurs
  A bullfrog (D:4)
  3 scorpions
  A centaur zombie (D:5)
  3 crimson imps (D:5)
  A bullfrog zombie (D:6)
  9 orc priests
  Ijyb (D:5)
  4 hounds
  6 orc wizards
  2 iguanas (D:5)
  4 worker ants
  A killer bee zombie (D:5)
  A big kobold zombie (Ossuary)
  2 hound skeletons (D:4)
  4 mummies (Ossuary)
  7 gnolls
  6 adders
  2 shadow imps (D:6)
  4 oozes
  An adder zombie (D:5)
  A worm (D:2)
  2 dart slugs (D:2)
  2 leopard geckos
  27 orcs
  4 giant cockroaches
  3 goblins
  10 hobgoblins
  10 jackals
  6 kobolds
  3 quokkas
  2 ball pythons
  9 bats
  6 frilled lizards
  A goblin zombie (Ossuary)
  2 hobgoblin zombies (Ossuary)
  2 kobold zombies (Ossuary)
  2 orc zombies (Ossuary)
  A quokka skeleton (D:7)
  A quokka zombie (D:5)
  6 rats
168 creatures vanquished.

Notes
Turn   | Place    | Note
-------+----------+-------------------------------------------
     0 | D:1      | Frank the Octopode Fighter began the quest for the Orb.
     0 | D:1      | Reached XP level 1. HP: 16/16 MP: 1/1
     1 | D:1      | Noticed a minotaur
     5 | D:1      | Noticed a felid
    12 | D:1      | Noticed an octopode
    12 | D:1      | Noticed a ghoul
    14 | D:1      | Noticed a formicid
    16 | D:1      | Noticed a troll
    58 | D:1      | Reached XP level 2. HP: 9/21 MP: 2/2
   273 | D:1      | Reached XP level 3. HP: 19/26 MP: 3/3
   758 | D:2      | Reached skill level 1 in Stealth
   858 | D:2      | Reached XP level 4. HP: 30/31 MP: 4/4
   913 | D:2      | Found a glowing silver altar of Zin.
  1002 | D:2      | Found a shimmering altar of Xom.
  1002 | D:2      | Found a hazy altar of Hepliaklqana.
  1004 | D:2      | Found a shattered altar of Ashenzari.
  1004 | D:2      | Found a shimmering altar of Xom.
  1004 | D:2      | Found a snail-covered altar of Cheibriados.
  1563 | D:3      | Reached XP level 5. HP: 36/36 MP: 5/5
  2042 | D:3      | Found a burning altar of Makhleb.
  2045 | D:3      | Found an opulent altar of Gozag.
  2049 | D:3      | Became a worshipper of Makhleb the Destroyer
  2055 | D:3      | Found an iron altar of Okawaru.
  2123 | D:4      | Reached XP level 6. HP: 23/43 MP: 6/6
  2141 | D:4      | Reached skill level 1 in Invocations
  2190 | D:4      | Reached skill level 1 in Evocations
  2381 | D:4      | Noticed a phantom
  2393 | D:4      | Reached XP level 7. HP: 37/47 MP: 8/8
  2397 | D:4      | Found a sand-covered staircase.
  2402 | Ossuary  | Entered an ossuary
  2460 | Ossuary  | Reached * piety under Makhleb
  2836 | D:4      | Reached skill level 5 in Long Blades
  2974 | D:4      | Gained mutation: You are agile. (Dex +2) [potion of
                  | mutation]
  2974 | D:4      | Gained mutation: Your mind is acute. (Int +2) [potion of
                  | mutation]
  3022 | D:5      | Entered Level 5 of the Dungeon
  3099 | D:5      | Reached ** piety under Makhleb
  3099 | D:5      | Reached XP level 8. HP: 31/54 MP: 10/10
  3125 | D:5      | Lost mutation: Your mind is acute. (Int +2) [potion of
                  | mutation]
  3125 | D:5      | Gained mutation: Your flesh is cold resistant. (rC+)
                  | [potion of mutation]
  3125 | D:5      | Gained mutation: You possess an exceptional clarity of
                  | mind. [potion of mutation]
  3125 | D:5      | Gained mutation: Your muscles are strong. (Str +2) [potion
                  | of mutation]
  3206 | D:5      | Found Awijude's Assorted Antiques.
  3211 | D:5      | Bought a twisted granite ring for 95 gold pieces
  3216 | D:5      | Noticed Ijyb
  3216 | D:5      | Paralysed by Ijyb for 3 turns
  3224 | D:5      | Killed Ijyb
  3224 | D:5      | Reached skill level 5 in Stealth
  3917 | D:6      | Reached *** piety under Makhleb
  4002 | D:6      | Reached XP level 9. HP: 45/59 MP: 12/12
  4469 | D:7      | Found a runed translucent gate.
  4469 | D:7      | Found a runed translucent gate.
  4470 | D:7      | Found a runed translucent gate.
  4471 | D:7      | Found an opulent altar of Gozag.
  4474 | D:7      | Noticed farkougg's ghost (novice TrHu)
  4512 | D:7      | Found a shimmering altar of Xom.
  4551 | D:7      | Noticed Joseph
  4558 | D:7      | Shot with a sling bullet by Joseph

Skill      XL: |  1  2  3  4  5  6  7  8  9 |
---------------+----------------------------+-----
Stealth        | 1 2 3 4 5 6 |  6.2
Long Blades    | 3 4 5 6 |  6.9
Invocations    | 1 2 4 |  4.3
Evocations     | 1 2 4 |  4.2
Shields        | 4 |  4.8
Fighting       | 4 |  4.6
Dodging        | 4 |  4.2

Action                   |  1- 3 |  4- 6 |  7- 9 || total
-------------------------+-------+-------+-------++-------
Melee: Long sword        |    31 |       |       ||    31
       Tentacles         |    13 |    21 |    43 ||    77
       Constrict         |    11 |    31 |    46 ||    88
       Scimitar          |    24 |    85 |   193 ||   302
Evoke: Wand              |       |     3 |     2 ||     5
  Use: Scroll            |     5 |     3 |     7 ||    15
       Potion            |       |     1 |     6 ||     7
 Stab: Sleeping          |     6 |     6 |    23 ||    35
  Eat: Chunk             |       |     5 |     7 ||    12
Armor: Skin              |     2 |     2 |     7 ||    11
Dodge: Dodged            |    29 |    34 |    76 ||   139
Block: Shield            |    22 |    28 |    79 ||   129
       Rpst.: Long sword |     5 |       |       ||     5
       Scimitar          |     5 |     9 |    23 ||    37
